 Dungeon Crawl Stone Soup version 0.26-a0-639-g72c4674329 (webtiles) character file.

Game seed: 3498659312337006635

15306 Burgietje the Fighter (level 12, -2/82 HPs)
             Began as a Gargoyle Fighter on Sept 18, 2020.
             Was the Champion of Okawaru.
             Slain by a fire elemental (10 damage)
             ... summoned by a deep elf mage
             ... on level 12 of the Dungeon.
             The game lasted 00:19:13 (12161 turns).

Burgietje the Fighter (Gargoyle Fighter)           Turns: 12161, Time: 00:19:13

Health: -2/82      AC: 19    Str: 24    XL:     12   Next: 25%
Magic:  0/23       EV:  8    Int: 10    God:    Okawaru [******]
Gold:   730        SH:  9    Dex:  9    Spells: 11/11 levels left

rFire    . . .     SeeInvis +   Q - +2 morningstar (holy)
rCold    . . .     Faith    .   c - +0 kite shield
rNeg     + + .     Spirit   +   F - +4 moon troll leather armour {Spirit, Regen++ MP+5}
rPois    ∞         Reflect  .   N - +1 helmet {SInv}
rElec    +         Harm     .   S - scarf {+Inv}
rCorr    .         Rampage  .   (no gloves)
MR       .....                  (no boots)
Stlth    +.........             (no amulet)
HPRegen  1.03/turn              D - ring of positive energy
MPRegen  0.18/turn              (no ring)

@: liquid flames, glowing
A: negative energy resistance 1, electricity resistance, unbreathing,
petrification resistance, rot immunity, AC +8
a: Heroism, Finesse, Renounce Religion, Evoke Invisibility


You were on level 12 of the Dungeon.
You worshipped Okawaru.
Okawaru was exalted by your worship.
You visited 2 branches of the dungeon, and saw 13 of its levels.

You collected 802 gold pieces.
You spent 72 gold pieces at shops.

Inventory:

Hand Weapons
 a - a +1 war axe
 q - a +1 whip of electrocution
 r - a +2 hand axe of pain
 y - a +3 war axe
 E - a cursed +3 trident of freezing
 O - a +2 broad axe of draining
 Q - a +2 morningstar of holy wrath (weapon)
 T - a +1 hand axe of flaming
Armour
 b - a +0 scale mail
 c - a +0 kite shield (worn)
 u - a +1 scale mail of fire resistance
 F - the +4 moon troll leather armour (worn) {Spirit, Regen++ MP+5}
   (You found it on level 9 of the Dungeon)

   It affects your magic capacity (+5).
   It increases your rate of regeneration.
 G - a cursed +0 ring mail
 N - a +1 helmet of see invisible (worn)
 S - a scarf of invisibility (worn)
Jewellery
 v - an uncursed ring of ice
 D - a ring of positive energy (left hand)
 H - a cursed -4 ring of dexterity {unknown}
 P - an uncursed ring of stealth {unknown}
Wands
 g - a wand of flame (11)
 h - a wand of enslavement (24)
 B - a wand of paralysis (16)
 L - a wand of iceblast (7)
 U - a wand of disintegration (11)
Scrolls
 j - 2 scrolls of amnesia {unknown}
 k - 5 scrolls of remove curse
 l - 5 scrolls of teleportation
 n - 3 scrolls of blinking {unknown}
 o - 5 scrolls of fog
 t - a scroll of immolation {unknown}
 x - 3 scrolls of noise
 C - a scroll of fear {unknown}
 M - a scroll of silence {unknown}
 R - 2 scrolls of identify
 V - a scroll of enchant armour {unknown}
Potions
 d - a potion of resistance
 e - 2 potions of ambrosia
 f - 3 potions of flight
 i - a potion of degeneration {unknown}
 m - a potion of might
 p - a potion of cancellation
 s - 5 potions of haste
 w - 9 potions of curing
 z - 5 potions of stabbing {unknown}
 A - 3 potions of berserk rage {unknown}
 J - a potion of lignification {unknown}
 K - 2 potions of invisibility {unknown}


   Skills:
 - Level 12.7 Fighting
 + Level 12.6 Axes
 - Level 3.2 Armour
 - Level 3.2 Shields
 + Level 8.5 Invocations


You had 11 spell levels left.
You didn't know any spells.
Your spell library contained the following spells:

 Spells                   Type           Power        Failure   Level
 Corona                   Hex            #......      89%         1
 Sting                    Tmut/Pois      #...         89%         1
 Ensorcelled Hibernation  Hex/Ice        #.....       96%         2
 Poisonous Vapours        Pois/Air       #.....       96%         2
 Confusing Touch          Hex            #.......     99%         3
 Dazzling Flash           Conj/Hex       #.....       99%         3
 Ignite Poison            Fire/Tmut/Pois #.......     99%         3
 Mephitic Cloud           Conj/Pois/Air  #.......     99%         3
 Tukima's Dance           Hex            #.......     99%         3
 Olgreb's Toxic Radiance  Pois           #.......     100%        4


Dungeon Overview and Level Annotations

Branches:
Dungeon (12/15)            Temple (1/1) D:6            Lair (0/6) D:11
    Orc (0/2) D:10

Altars:
Ashenzari
Cheibriados
Dithmenos
Elyvilon
Fedhas
Gozag
Hepliaklqana
Kikubaaqudgha
Makhleb
Nemelex Xobeh
Okawaru
Qazlal
Ru
Sif Muna
Trog
Uskayaw
Vehumet
Wu Jian
Xom
Yredelemnul
Zin
The Shining One

Shops:
D:5 ((?   D:7 !

Annotations:
D:12 1 runed translucent door


Innate Abilities, Weirdness & Mutations

You are resistant to torment.
Your stone body is resilient. (AC +8)
You are immune to poison.
You resist negative energy. (rN+)
You are resistant to electric shocks. (rElec)
You can survive without breathing.
You are immune to petrification.
You are immune to rotting.


Message History

The fire elemental closely misses you.
The howler monkey hits you but does no damage.
The deep elf mage casts a spell at you. The bolt of fire misses you.
The fire elemental hits you.
* * * LOW HITPOINT WARNING * * *
The fire elemental burns you!
* * * LOW HITPOINT WARNING * * *
You block the water moccasin's attack. The fire elemental hits you.
The fire elemental burns you!
* * * LOW HITPOINT WARNING * * *
You block the howler monkey's attack.
You feel much better.
You are covered in liquid flames!
* * * LOW HITPOINT WARNING * * *
The fire elemental hits you. The fire elemental burns you!
* * * LOW HITPOINT WARNING * * *
You block the deep elf mage's attack.
The water moccasin bites you but does no damage.
The fire elemental hits you. The fire elemental burns you!
You die...

#.≈###≈##.# ##########
#.≈≈≈≈≈##.# ).........
##.≈≈#≈≈...#
##...###########..≈≈#≈÷.###
#...##.....).....≈≈#≈≈.#
#...##.#######...≈≈≈≈≈.#
#....<.# #...≈###≈##
#.###### #e.E≈≈≈≈≈# #.#
#E@#.##### #.. #Sh#.# ..#
#... # ## #.... .....#
##..### #..# ...#


You could see a deep elf mage, 2 fire elementals, a water moccasin and a howler
monkey.

Vanquished Creatures
  A hydra (D:11)
  An unseen horror (D:10)
  2 ugly things
  2 deep elf magi
  A cyclops (D:12)
  A kobold demonologist (D:12)
  A komodo dragon (D:10)
  3 trolls
  A hornet (D:12)
  3 hippogriffs
  2 wraiths
  A wyvern (D:9)
  9 yaks
  A water moccasin (D:6)
  2 black bears (D:9)
  10 orc warriors
  5 sky beasts
  A necrophage (D:6)
  A phantom (D:12)
  3 ice beasts
  7 ogres
  2 wolves (D:10)
  2 crocodiles
  15 centaurs
  A big kobold (D:10)
  An elf zombie (D:8)
  5 bullfrogs
  A wyvern skeleton (D:10)
  2 scorpions
  9 killer bees
  16 wights
  3 howler monkeys
  4 electric eels
  2 bullfrog zombies
  A centaur zombie (D:9)
  2 bullfrog skeletons
  13 hounds
  3 human zombies (D:8)
  10 orc priests
  2 jellies
  12 orc wizards
  5 centaur skeletons
  4 iguanas
  6 worker ants
  2 human skeletons (D:8)
  An ogre zombie (D:8)
  2 hound skeletons
  2 mummies (D:8)
  Robin (D:2)
  2 worker ant zombies
  9 adders
  7 gnolls
  4 white imps
  An ufetubus (D:10)
  2 oozes
  2 adder zombies (D:9)
  3 adder skeletons
  8 worms
  4 leopard geckos
  44 orcs
  A ball python (D:3)
  5 bats
  4 giant cockroaches
  5 hobgoblins
  15 jackals
  11 kobolds
  3 quokkas
  2 frilled lizards
  A giant cockroach zombie (D:5)
  19 goblins
  A jackal skeleton (D:4)
  2 quokka skeletons
  5 rats
347 creatures vanquished.

Vanquished Creatures (others)
  A shadow (D:12)
  A howler monkey (D:12)
2 creatures vanquished.

Grand Total: 349 creatures vanquished

Notes
Turn   | Place    | Note
-------+----------+-------------------------------------------
     0 | D:1      | Burgietje the Gargoyle Fighter began the quest for the Orb.
     0 | D:1      | Reached XP level 1. HP: 14/14 MP: 1/1
   211 | D:1      | Reached XP level 2. HP: 16/19 MP: 2/2
   697 | D:1      | Reached XP level 3. HP: 20/24 MP: 3/3
   956 | D:2      | Found a radiant altar of Vehumet.
   968 | D:2      | Found a faded altar of an unknown god.
  1009 | D:2      | Reached XP level 4. HP: 30/30 MP: 4/4
  1212 | D:2      | Noticed Robin
  1231 | D:2      | Killed Robin
  1732 | D:2      | Found an ancient bone altar of Kikubaaqudgha.
  1914 | D:3      | Reached skill level 5 in Fighting
  1914 | D:3      | Reached XP level 5. HP: 19/35 MP: 5/5
  2743 | D:4      | Reached XP level 6. HP: 37/40 MP: 6/6
  3429 | D:4      | Reached XP level 7. HP: 9/47 MP: 7/7
  3709 | D:4      | Reached skill level 5 in Axes
  4035 | D:4      | Found a shattered altar of Ashenzari.
  4290 | D:4      | Noticed a +0 dagger
  4290 | D:4      | Noticed a +0 dagger
  4291 | D:4      | Found a hide-covered altar of Uskayaw.
  4322 | D:5      | Entered Level 5 of the Dungeon
  4499 | D:5      | Found Syddyigh's Magic Scroll Shop.
  4502 | D:5      | Bought a scroll of teleportation for 36 gold pieces
  4502 | D:5      | Bought a scroll of fog for 24 gold pieces
  4502 | D:5      | Bought a scroll of noise for 12 gold pieces
  4806 | D:5      | Found a glowing silver altar of Zin.
  4843 | D:5      | Found Haes's Antique Weapon Shop.
  4941 | D:5      | Found Immofefe's Weapon Shop.
  5175 | D:6      | Reached XP level 8. HP: 47/54 MP: 8/8
  5586 | D:6      | Found a staircase to the Ecumenical Temple.
  5599 | Temple   | Entered the Ecumenical Temple
  5675 | Temple   | Became a worshipper of Warmaster Okawaru
  6160 | D:6      | Reached * piety under Okawaru
  6507 | D:6      | Reached XP level 9. HP: 58/60 MP: 9/9
  6718 | D:6      | Found a snail-covered altar of Cheibriados.
  7175 | D:7      | Found Xintoy's Distillery.
  7361 | D:7      | Reached skill level 10 in Fighting
  7670 | D:8      | Reached ** piety under Okawaru
  8319 | D:8      | Found an ancient bone altar of Kikubaaqudgha.
  8516 | D:9      | Found the +4 moon troll leather armour {Spirit, Regen++
                  | MP+5}
  8624 | D:9      | Reached XP level 10. HP: 57/69 MP: 10/10
  8718 | D:9      | Reached *** piety under Okawaru
  8794 | D:9      | Found a shadowy altar of Dithmenos.
  8844 | D:9      | Found a white marble altar of Elyvilon.
  8844 | D:9      | Found a shimmering blue altar of Sif Muna.
  8845 | D:9      | Found an ornate altar of the Wu Jian Council.
  8931 | D:9      | Reached skill level 10 in Axes
  8944 | D:9      | Reached **** piety under Okawaru
  9189 | D:9      | Found a hazy altar of Hepliaklqana.
  9316 | D:9      | Found a sacrificial altar of Ru.
  9441 | D:10     | Entered Level 10 of the Dungeon
  9444 | D:10     | Noticed a red ugly thing
  9462 | D:10     | Killed a red ugly thing
  9462 | D:10     | Reached ***** piety under Okawaru
  9462 | D:10     | Reached XP level 11. HP: 27/76 MP: 4/11
  9593 | D:10     | Reached skill level 1 in Invocations
  9830 | D:10     | Killed an unseen horror
 10420 | D:10     | Reached skill level 5 in Invocations
 10453 | D:10     | Noticed a deep elf mage
 10461 | D:10     | Killed a deep elf mage
 10461 | D:10     | Received a gift from Okawaru
 10522 | D:10     | Found a staircase to the Orcish Mines.
 10536 | D:10     | Received a gift from Okawaru
 10865 | D:11     | Noticed a cyclops
 10866 | D:11     | Noticed an eight-headed hydra
 11028 | D:11     | Found a staircase to the Lair.
 11361 | D:11     | Killed a 12-headed hydra
 11593 | D:11     | Identified the +8 falchion of Premature Burial {antimagic,
                  | MP+9 Stlth+}
 11707 | D:12     | Reached ****** piety under Okawaru
 11714 | D:12     | Reached XP level 12. HP: 62/82 MP: 14/17
 11793 | D:12     | Found a glowing golden altar of the Shining One.
 11793 | D:12     | Found a runed translucent door.
 11793 | D:12     | Noticed an angel
 12161 | D:12     | Slain by a fire elemental

Illustrated notes

Levels and vault maps discovered:
D:1:      eino_arrival_water_cross, layout_basic
D:2:      layout_basic, lemuel_coloured_pillars_altar, vehumet_crystals,
          chequers_ecumenical_altar_simple, uniq_robin
D:3:      layout_loops_ring
D:4:      layout_rooms, nicolae_ashenzari_panopticon, dancing_weapons_uskayaw,
          nicolae_ossuary_entry_plus, minmay_misc_feat_secret_circle
D:5:      layout_loops_ring, lemuel_crystal_altar, serial_shops,
          kennysheep_mini_moat, nicolae_shop_trees, shop
D:6:      layout_cave_pools, lemuel_doored_altar, minmay_temple_entry_junction
D:7:      layout_rooms, serial_shops, shop, serial_glass, glass_columns_a,
          glass_columns_a
D:8:      layout_loops_ring, lemuel_mausoleum_altar_kikubaaqudgha
D:9:      minmay_bloctagon, layout_basic, overflow_temple_1_default,
          lemuel_round_altar, grunt_dithmenos_smoke,
          chequers_temple_overflow_statue_of_worship,
          chequers_serial_rivers_micro_b, mrwooster_statue_mirror
D:10:     layout_gridville, erik_orc_2, kb_rosetta
D:11:     layout_basic, erik_lair_island
D:12:     layout_loops_ring, minmay_crystal_water, lemuel_angel_altar
Temple:   cyrus_temple_forest

Skill      XL: |  1  2  3  4  5  6  7  8  9 10 11 12 |
---------------+-------------------------------------+-----
Axes           | 2 3 4 6 7 9 10 12 | 12.6
Fighting       | 4 5 6 7 9 11 12 | 12.7
Invocations    | 7 8 |  8.5
Armour         | |  3.2
Shields        | |  3.2

Action                   |  1- 3 |  4- 6 |  7- 9 | 10-12 || total
-------------------------+-------+-------+-------+-------++-------
Melee: War axe           |   107 |   179 |   386 |   372 ||  1044
       Broad axe         |       |       |       |    47 ||    47
       Morningstar       |       |       |       |   129 ||   129
       Whip              |       |       |       |    11 ||    11
Invok: Heroism           |       |       |       |     5 ||     5
       Finesse           |       |       |       |     2 ||     2
  Use: Potion            |       |     4 |     3 |     4 ||    11
       Scroll            |       |       |     8 |     1 ||     9
Armor: Scale mail        |    63 |   150 |   198 |       ||   411
       Troll leather arm |       |       |     5 |   381 ||   386
Dodge: Dodged            |    35 |    72 |    94 |   179 ||   380
Block: Kite shield       |    60 |   111 |   174 |   299 ||   644

Table legend: (Time is in decaauts)
 A = Elapsed time spent in this place.
 B = Non-inter-level travel time spent in this place.
 C = Inter-level travel time spent in this place.
 D = Time resting spent in this place.
 E = Time spent auto-exploring this place.
 F = Levels seen in this place.
 G = Mean time per level.
                   A        B        C        D        E       F      G
               +--------+--------+--------+--------+--------+-----+--------+
         Total |  12403 |  12147 |    256 |   2263 |   7176 |  13 |  954.1 |
       Dungeon |  12286 |  12070 |    216 |   2263 |   7119 |  12 | 1023.8 |
        Temple |    117 |     77 |     40 |      0 |     57 |   1 |  117.0 |
               +--------+--------+--------+--------+--------+-----+--------+

Top non-repeatable levels by time:
     D:6: 1564 daAuts
     D:4: 1409 daAuts
    D:10: 1313 daAuts
     D:3: 1183 daAuts
     D:9: 1048 daAuts
     D:8: 992 daAuts
     D:2: 945 daAuts
     D:1: 913 daAuts
     D:5: 858 daAuts
    D:11: 839 daAuts
     D:7: 741 daAuts
    D:12: 476 daAuts
  Temple: 117 daAuts
